 Dungeon Crawl Stone Soup version 0.28.0-45-g0d030f2227 (webtiles) character file.

Game seed: 5598949195815528111

49 Bruhh the Ruffian (level 3, -1/37 HPs)
             Began as an Ogre Transmuter on Apr 22, 2022.
             Blown up by Ijyb (9 damage)
             ... with a mindburst bolt
             ... on level 3 of the Dungeon.
             The game lasted 00:04:27 (2333 turns).

Bruhh the Ruffian (Ogre Transmuter)                 Turns: 2333, Time: 00:04:27

Health: -1/37      AC:  3    Str: 14    XL:     3   Next: 75%
Magic:  5/6        EV:  9    Int: 16    God:
Gold:   95         SH:  0    Dex:  9    Spells: 5/6 levels left

rFire   . . .      SeeInvis .     - Unarmed
rCold   . . .      Faith    .   (no shield)
rNeg    . . .      Spirit   .   a - +0 robe
rPois   .          Reflect  .   (helmet currently unavailable)
rElec   .          Harm     .   (no cloak)
rCorr   .          Rampage  .   (gloves unavailable)
Will    .....                   (boots unavailable)
Stlth   +.........              (no amulet)
HPRegen 0.12/turn               (no ring)
MPRegen 0.10/turn               (no ring)

@: appendages (expiring)
A: horns 2, talons 2, large, unfitting armour, tough skin 1
a: End Transformation


You were on level 3 of the Dungeon.
You had temporarily grown beastly horns and talons.
You visited 1 branch of the dungeon, and saw 3 of its levels.

You collected 95 gold pieces.

Inventory:

Missiles
 k - 5 atropa-tipped darts
Armour
 a - a +0 robe (worn)
 f - a +0 crystal plate armour
Scrolls
 b - a scroll of amnesia {unknown}
 h - a scroll of identify {unknown}
 i - a scroll of immolation {unknown}
Potions
 c - 4 potions of might {unknown}
 d - 2 potions of haste {unknown}
 e - a potion of ambrosia {unknown}
 g - a potion of heal wounds {unknown}
 j - a potion of lignification {unknown}


   Skills:
 + Level 3.4 Fighting
 - Level 1.7 Dodging
 + Level 3.5 Unarmed Combat
 - Level 2.4 Spellcasting
 - Level 1.7 Transmutations


You had 5 spell levels left.
You knew the following spells:

 Your Spells              Type           Power      Damage    Failure   Level
a - Beastly Appendage     Tmut           14%        N/A       10%         1

Your spell library contained the following spells:

 Spells                   Type           Power      Damage    Failure   Level
 Sting                    Tmut/Pois      16%        1d3       14%         1
 Wereblood                Tmut           7%         N/A       14%         2
 Poisonous Vapours        Pois/Air       2%         N/A       30%         2
 Spider Form              Tmut/Pois      4%         N/A       38%         3
 Ice Form                 Ice/Tmut       4%         N/A       80%         4
 Olgreb's Toxic Radiance  Pois           1%         N/A       89%         4


Dungeon Overview and Level Annotations

Branches:
Dungeon (3/15)

Altars:
Qazlal

Shops:
D:1 (

Annotations:
D:3 Ijyb


Innate Abilities, Weirdness & Mutations

You have temporarily grown beastly horns and talons.
You are too large for most types of armour.
You have tough skin. (AC +1)


Message History

A goblin is nearby!
A rat comes into view.
The goblin hits you with a +0 dagger.
You closely miss the goblin. The goblin hits you with a +0 dagger.
You hit the goblin.
You kill the goblin!
Things that are here:
a +0 dagger; a goblin corpse The rat bites you.
You hit the rat but do no damage. The rat bites you but does no damage.
You hit the rat.
You kill the rat!
No reachable target in view!
No reachable target in view!
No reachable target in view!
HP restored.
You see here a rat corpse.
Found 21 stones.
You pick up a Young Poisoner's Handbook and begin reading...
You add the spells Sting, Poisonous Vapours and Olgreb's Toxic Radiance to your library.
Ijyb the Twisted Goblin comes into view.
She is wielding a +0 club and carrying a wand of mindburst (14).
Ijyb is nearby!
You grow a pair of large bovine horns.
Your feet morph into talons.
Ijyb shouts!
A scorpion comes into view.
Ijyb hits you but does no damage.
You hit Ijyb. Your kick misses Ijyb. You headbutt Ijyb, but do no damage.
Ijyb is moderately wounded.
Ijyb hits you with a +0 club.
You closely miss Ijyb. Your kick misses Ijyb. Your headbutt misses Ijyb.
Ijyb is moderately wounded.
Ijyb zaps a wand.
Your mind is blasted!
You barely miss Ijyb.
Ijyb is moderately wounded.
Ijyb zaps a wand.
Your mind is blasted!
* * * LOW HITPOINT WARNING * * *
Your transformation is almost over.
Ijyb screams, "Die!"
Ijyb zaps a wand.
Your mind is blasted!
You die...

.............
#..........##
#......†<...#
####........##.# .
#.....##.#.....#
..#######........#...#.#.
.................)........
#....s...............#.#
#..(.g.@..###...###.##.#
#.........#E#...#E#.##.#
#########.###†..###....#
#............#..
#....._.........
##..............
####...###.....
#E#...#E#<....
###...###...##


You could see a fire elemental, Ijyb and a scorpion.

Vanquished Creatures
  An orc (D:3)
  8 ball pythons
  9 bats
  2 endoplasms
  5 goblins
  4 hobgoblins
  3 jackals (D:1)
  4 kobolds
  A quokka (D:2)
  5 rats
42 creatures vanquished.

Notes
Turn   | Place    | Note
-------+----------+-------------------------------------------
     0 | D:1      | Bruhh the Ogre Transmuter began the quest for the Orb.
     0 | D:1      | Reached XP level 1. HP: 19/19 MP: 3/3
   223 | D:1      | Reached XP level 2. HP: 22/28 MP: 5/5
   839 | D:1      | Found Netaisah's Antique Weapon Shoppe.
   895 | D:1      | Reached XP level 3. HP: 33/36 MP: 6/6
  1744 | D:2      | You fall into a shaft and drop 1 floor!
  1831 | D:3      | Noticed a fire elemental
  1839 | D:3      | Found a stormy altar of Qazlal.
  1849 | D:3      | Noticed an air elemental
  2295 | D:3      | Noticed an earth elemental
  2302 | D:3      | Noticed a water elemental
  2324 | D:3      | Noticed Ijyb
  2327 | D:3      | Noticed a scorpion
  2333 | D:3      | Blown up by Ijyb

Illustrated notes

Levels and vault maps discovered:
D:1:      scummos_arrival_star, layout_basic, serial_shops, shop_fountains,
          supply_closet_lemuel
D:2:      layout_loops_ring
D:3:      layout_basic, nicolae_qazlal_style_of_elements,
          evilmike_ruin_ashenzari, uniq_jessica, uniq_ijyb

Skill      XL: |  1  2  3 |
---------------+----------+-----
Fighting       | 2 3 |  3.4
Unarmed Combat | 3 |  3.5
Dodging        | |  1.7
Spellcasting   | |  2.4
Transmutations | |  1.7

Action                   || total
-------------------------++-------
Melee: Unarmed           ||   149
       Headbutt          ||    10
       Kick              ||     8
       Punch             ||     2
 Cast: Beastly Appendage ||    26
Armor: Robe              ||    69
Dodge: Dodged            ||    89
